 Dungeon Crawl Stone Soup version 0.32-a0-42-ga30500b4d3 (webtiles) character file.

Game seed: 15541400697931031602

762 seren the Shooter (level 7, -9/61 HPs)
             Began as a Hill Orc Hunter on Feb 2, 2024.
             Was a Follower of Beogh.
             Killed by divine providence
             ... invoked by an orc priest
              (12 damage)
             ... on level 5 of the Dungeon.
             The game lasted 00:12:56 (3657 turns).

seren the Shooter (Hill Orc Hunter)                 Turns: 3657, Time: 00:12:57

Health: -9/61      AC: 12    Str: 14    XL:     7   Next: 81%
Magic:  7/7        EV: 10    Int:  9    God:    Beogh [*.....]
Gold:   197        SH:  0    Dex: 16    Spells: 6/6 levels left

rFire   + . .        b - +2 dagger (venom)
rCold   . . .        (no shield)
rNeg    . . .        r - +2 scale mail {rF+}
rPois   +            s - +2 hat
rElec   .            (no cloak)
rCorr   .            q - +0 pair of gloves
SInv    +            (no boots)
Will    .....        (no amulet)
Stlth   +            F - ring of see invisible
HPRegen 0.30/turn    D - ring of poison resistance
MPRegen 0.10/turn

%: no passive effects
@: no status effects
A: no striking features
a: Renounce Religion


You were on level 5 of the Dungeon.
You worshipped Beogh.
Beogh was aware of your devotion.
You visited 1 branch of the dungeon, and saw 5 of its levels.

You collected 197 gold pieces.

Inventory:

Hand Weapons
 a - a +0 shortbow
 b - a +2 dagger of venom (weapon)
 E - a +0 whip of venom
 H - a +1 vampiric rapier
Missiles
 p - 3 poisoned darts
Armour
 c - a +0 leather armour
 q - a +0 pair of gloves (worn)
 r - a +2 scale mail of fire resistance (worn)
 s - a +2 hat (worn)
Jewellery
 g - a ring of protection from fire
 D - a ring of poison resistance (right hand)
 F - a ring of see invisible (left hand)
Talismans
 y - a beast talisman
Scrolls
 i - 2 scrolls of noise {unknown}
 j - a scroll of revelation {unknown}
 k - a scroll of identify
 l - 2 scrolls of teleportation {unknown}
 n - a scroll of fear {unknown}
 o - a scroll of poison {unknown}
 v - a scroll of immolation {unknown}
 w - a scroll of enchant armour {unknown}
 z - a scroll of enchant weapon {unknown}
 A - 2 scrolls of amnesia
 C - a scroll of acquirement {unknown}
Potions
 d - 2 potions of enlightenment
 e - a potion of magic
 f - a potion of resistance
 h - a potion of invisibility {unknown}
 m - a potion of curing
 t - a potion of haste {unknown}
 x - a potion of mutation {unknown}
 B - 2 potions of cancellation {unknown}
 G - a potion of heal wounds {unknown}


   Skills:
 + Level 5.2 Fighting
 * Level 5.9 Ranged Weapons
 + Level 3.2 Armour
 + Level 3.4 Dodging
 - Level 2.0 Stealth


You had 6 spell levels left.
You didn't know any spells.
Your spell library contained the following spells:

 Spells                   Type           Power      Damage    Failure   Level
 Foxfire                  Conj/Fire      0%         2x1d4     86%         1
 Animate Armour           Summ/Erth      0%         N/A       100%        4
 Summon Lightning Spire   Summ/Air       0%         N/A       100%        4
 Lee's Rapid Deconstruct  Erth           0%         3d4*      100%        5


Dungeon Overview and Level Annotations

Branches:
Dungeon (5/15)
 Temple: D:4-7

Altars:

Shops:
D:5 :

Annotations:
D:2 1 runed translucent door, Crazy Yiuf
D:3 exclusion: downstairs


Message History

You hit the adder.
The adder is moderately wounded.
The adder closely misses you. The adder bites you.
* * * LOW HITPOINT WARNING * * *
You hit the adder but do no damage.
The adder is poisoned.
The adder is moderately wounded.
The adder bites you but does no damage. The orc priest hits you with a +0 club.
* * * LOW HITPOINT WARNING * * *
You hit the adder.
The adder looks even sicker.
The adder is severely wounded.
The adder closely misses you.
The orc priest hits you but does no damage.
Found a whip.
You kill the adder!
Beogh accepts your kill. The orc priest hits you with a +0 club.
* * * LOW HITPOINT WARNING * * *
You hit the orc priest but do no damage.
The orc priest is poisoned.
The orc priest barely misses you.
You closely miss the orc priest. The orc priest hits you with a +0 club.
* * * LOW HITPOINT WARNING * * *
You hit the orc priest but do no damage.
The orc priest looks as sick as possible!
The orc priest invokes the aid of Beogh against you.
Beogh smites you!
* * * LOW HITPOINT WARNING * * *
You barely miss the orc priest.
The orc priest is lightly wounded.
The orc priest hits you but does no damage.
You closely miss the orc priest.
The orc priest is heavily wounded.
The orc priest calls down the wrath of Beogh upon you.
Pain shoots through your body!
* * * LOW HITPOINT WARNING * * *
You hit the orc priest.
The orc priest is severely wounded.
The orc priest calls down the wrath of Beogh upon you.
Beogh smites you!
You die...
Beogh appreciates the orc priest's killing of a heretic priest.

#.....####..........##........
##..<..##.#....####.##
.>......
##..............###..##
.......#
#.....................)
.......#
#...................... ......
##...................... ....
##...##.................
###..................... ##
##............@......# #..
##....#.....#..o..##..# #...
#..####........)..# #...
##...#..........#..# #..
#......#....#.###..# #.o.
##.....#....#.##..... ###.
########............. ...
##......##..... .....
#.......# .#.. .....


You could see an orc priest (very poisoned).

Vanquished Creatures
  A black bear (D:4)
  An ogre (D:5)
  A scorpion (D:5)
  2 bombardier beetles
  An orc priest (D:5)
  2 sleepcaps
  2 iguanas (D:4)
  3 orc wizards
  Terence (D:2)
  5 gnolls
  7 adders
  A white imp (D:5)
  2 ufetubi
  2 dart slugs
  2 ribbon worms (D:2)
  14 orcs
  8 endoplasms
  5 giant cockroaches
  7 goblins
  6 hobgoblins
  3 jackals (D:4)
  3 quokkas
  6 ball pythons
  6 bats
  3 frilled lizards
  9 kobolds
  3 rats
106 creatures vanquished.

Vanquished Creatures (others)
  An orc (D:4)
1 creature vanquished.

Grand Total: 107 creatures vanquished

Notes
Turn   | Place    | Note
-------+----------+-------------------------------------------
     0 | D:1      | seren the Hill Orc Hunter began the quest for the Orb.
     0 | D:1      | Reached XP level 1. HP: 18/18 MP: 1/1
    68 | D:1      | Reached skill level 1 in Stealth
   121 | D:1      | Reached XP level 2. HP: 25/25 MP: 2/2
   296 | D:1      | Reached XP level 3. HP: 31/31 MP: 3/3
   854 | D:2      | Found a faded altar of an unknown god.
   866 | D:2      | Got Plato's Tome of Burning
  1029 | D:2      | Reached XP level 4. HP: 36/38 MP: 4/4
  1036 | D:2      | Noticed Terence
  1050 | D:2      | Killed Terence
  1440 | D:2      | Found a runed translucent door.
  1441 | D:2      | Noticed Crazy Yiuf
  1575 | D:3      | Reached XP level 5. HP: 34/46 MP: 5/5
  1713 | D:3      | Reached skill level 1 in Armour
  2221 | D:4      | Reached XP level 6. HP: 30/52 MP: 6/6
  2405 | D:4      | Became a worshipper of Beogh the Brigand
  2410 | D:4      | Noticed a black bear
  2731 | D:4      | Reached skill level 5 in Ranged Weapons
  2827 | D:4      | Killed a black bear
  3005 | D:5      | Entered Level 5 of the Dungeon
  3075 | D:4      | Reached XP level 7. HP: 60/60 MP: 7/7
  3227 | D:5      | Reached * piety under Beogh
  3414 | D:5      | Found Aplunoc's Tremendous Tomes.
  3478 | D:5      | Reached skill level 5 in Fighting
  3656 | D:5      | HP: 3/61 [orc priest/nerve-wracking pain (13)]
  3657 | D:5      | Killed from afar by an orc priest

Illustrated notes

Levels and vault maps discovered:
D:1:      tarquinn_simple_flora_water_c, layout_loops_cross
D:2:      layout_rooms, shapermc_ecumenical_altar_rom_forum, minmay_hexomino_c4,
          uniq_terence, uniq_crazy_yiuf_cottage
D:3:      layout_basic
D:4:      layout_rooms
D:5:      layout_cave_pools, minmay_gold_behind_fungi,
          nicolae_shop_i_like_big_books

Skill      XL: |  1  2  3  4  5  6  7 |
---------------+----------------------+-----
Stealth        | 1 2 |  2.0
Fighting       | 3 4 5 |  5.2
Dodging        | 2 3 |  3.4
Ranged Weapons | 4 5 |  5.9
Armour         | 1 2 3 |  3.2

Action                     |  1- 3 |  4- 6 |  7- 9 || total
---------------------------+-------+-------+-------++-------
  Melee: Dagger            |       |    89 |    75 ||   164
         Punch             |       |       |     4 ||     4
   Fire: Shortbow          |   101 |   123 |    25 ||   249
 Invoke: Convert to Beogh  |       |     1 |       ||     1
    Use: Potion            |       |     3 |     1 ||     4
         Scroll            |       |     4 |     1 ||     5
 Armour: Leather armour    |    23 |     3 |       ||    26
         Scale mail        |       |   113 |    77 ||   190
  Dodge: Dodged            |    24 |    86 |    53 ||   163

Table legend: (Time is in decaauts)
 A = Elapsed time spent in this place.
 B = Non-inter-level travel time spent in this place.
 C = Inter-level travel time spent in this place.
 D = Time resting spent in this place.
 E = Time spent auto-exploring this place.
 F = Levels seen in this place.
 G = Mean time per level.
                   A        B        C        D        E       F      G
               +--------+--------+--------+--------+--------+-----+--------+
         Total |   3748 |   3469 |    279 |    461 |   1695 |   5 |  749.6 |
       Dungeon |   3748 |   3469 |    279 |    461 |   1695 |   5 |  749.6 |
               +--------+--------+--------+--------+--------+-----+--------+

Top non-repeatable levels by time:
     D:4: 1030 daAuts
     D:1: 863 daAuts
     D:3: 788 daAuts
     D:2: 670 daAuts
     D:5: 396 daAuts
